 Dungeon Crawl Stone Soup version 0.26-a0-259-g1effd001a9 (webtiles) character file.

Game seed: 17341864779309729480

644 Lugonue the Firebug (level 7, -12/51 HPs)
             Began as a Demigod Fire Elementalist on July 23, 2020.
             Mangled by an ogre
             ... wielding a +0 giant spiked club
              (15 damage)
             ... in the Ecumenical Temple.
             The game lasted 00:11:50 (4447 turns).

Lugonue the Firebug (Demigod Fire Elementalist)     Turns: 4447, Time: 00:11:51

Health: -12/51     AC: 10    Str: 15    XL:     7   Next: 5%
Magic:  15/15      EV: 11    Int: 19    God:
Gold:   176        SH:  0    Dex: 16    Spells: 9/13 levels left

rFire    . . .     SeeInvis .   n - +2 dagger (flame)
rCold    . . .     Faith    .   (no shield)
rNeg     . . .     Spirit   .   j - +1 ring mail
rPois    .         Reflect  .   (no helmet)
rElec    .         Harm     .   (no cloak)
rCorr    .                      (no gloves)
MR       .....                  (no boots)
Stlth    +.........             (no amulet)
HPRegen  0.17/turn              s - +4 ring of protection
MPRegen  0.14/turn              (no ring)

@: lightly drained, very slow
A: high mp 1
a: no special abilities


You were in the Ecumenical Temple.
You were not hungry.

You visited 2 branches of the dungeon, and saw 6 of its levels.

You collected 176 gold pieces.

Inventory:

Hand Weapons
 b - a +1 falchion
 f - a cursed +2 short sword of freezing
 n - a +2 dagger of flaming (weapon)
Armour
 j - a +1 ring mail (worn)
Magical Staves
 a - an uncursed staff of fire
Jewellery
 r - an uncursed ring of ice
 s - a +4 ring of protection (left hand)
Scrolls
 g - 2 scrolls of remove curse
 h - a scroll of magic mapping
 i - a scroll of enchant weapon
Potions
 d - a potion of lignification
 e - a potion of degeneration
 k - a potion of ambrosia {unknown}
 l - a potion of magic {unknown}
 m - a potion of curing {unknown}
Comestibles
 c - 13 rations


   Skills:
 * Level 0.7(0.2) Fighting
 + Level 0.1(0.0) Short Blades
 + Level 1.1(0.6) Armour
 + Level 2.2(1.7) Dodging
 + Level 2.9(2.3) Stealth
 + Level 0.3(0.0) Unarmed Combat
 * Level 3.6(3.0) Spellcasting
 + Level 3.7(3.1) Conjurations
 * Level 4.4(3.8) Fire Magic
 + Level 0.6(0.1) Evocations


You had 9 spell levels left.
You knew the following spells:

 Your Spells              Type           Power        Failure   Level
a - Foxfire               Conj/Fire      ###.         7%          1
b - Conjure Flame         Conj/Fire      ###.....     22%         3

Your spell library contained the following spells:

 Spells                   Type           Power        Failure   Level
 Inner Flame              Hex/Fire       ##......     38%         3
 Sticky Flame             Conj/Fire      ###.....     56%         4
 Fireball                 Conj/Fire      ###.......   89%         5


Dungeon Overview and Level Annotations

Branches:
Dungeon (6/15)             Temple (1/1) D:6


Innate Abilities, Weirdness & Mutations

You have an increased reservoir of magic. (+10% MP)


Message History

Okay, then.
Unknown command.
Press < or > to pray at altars.
You aren't carrying any items that you can evoke.
Unknown command.
Press < or > to pray at altars.
Unknown command.
Press < or > to pray at altars.
Okay, then.
Okay, then.
Unknown command.
Press < or > to pray at altars.
You enter the shallow water.
Moving in this stuff is going to be slow.
The ogre hits you with a +0 giant spiked club!
* * * LOW HITPOINT WARNING * * *
Found a basalt altar of Yredelemnul.
Found a hazy altar of Hepliaklqana and a sparkling altar of Nemelex Xobeh.
The ogre hits you with a +0 giant spiked club!
You die...

≈...≈≈≈≈≈≈≈≈≈≈≈≈
≈.⌠.≈≈≈≈...≈≈≈≈≈...≈§§§§
≈...≈≈≈≈._.≈≈≈≈≈≈≈≈≈≈≈§§
≈≈≈≈≈≈≈≈...≈≈≈≈≈≈≈≈≈≈...
≈≈≈≈≈≈≈≈≈≈≈≈≈≈≈...≈≈≈._.
≈≈≈≈≈≈≈≈≈≈≈≈≈≈≈._.≈≈≈...
≈≈≈≈≈≈≈≈≈≈≈≈≈≈≈...≈≈≈≈≈≈
≈...≈≈≈≈≈≈≈≈≈≈≈≈≈≈≈≈≈≈≈≈
.....≈≈≈≈...≈≈≈≈@≈≈≈...≈
..<..≈≈≈≈._.≈≈≈O≈≈≈≈._.≈
.....≈≈≈≈...≈≈≈≈≈≈≈≈...≈
≈...≈≈≈≈≈≈≈≈≈≈≈≈≈≈≈≈≈≈≈≈
≈≈≈≈≈≈≈#≈≈≈≈≈≈≈...≈≈≈≈≈≈
≈≈≈≈≈≈#≈≈≈≈≈≈≈≈.♣.≈≈≈...
≈≈≈≈≈#≈≈≈≈≈≈≈≈≈...≈≈≈._.
≈≈≈≈≈≈≈≈...≈≈≈≈≈≈≈≈≈≈...
≈...≈≈≈≈._.≈≈≈≈≈≈≈≈≈≈≈≈


You could see an ogre.

Vanquished Creatures
  Duvessa (D:6)
  A black bear (D:5)
  Dowan (D:6)
  A scorpion (D:5)
  4 wights (D:6)
  2 hounds (D:5)
  An orc wizard (D:6)
  A worker ant (D:6)
  A howler monkey skeleton (D:5)
  3 adders
  A shadow imp (D:5)
  A worm (D:2)
  A leopard gecko (D:1)
  2 orcs (D:6)
  3 giant cockroaches
  5 goblins
  3 hobgoblins
  A bat (D:1)
  4 frilled lizards (D:2)
  2 kobolds
  4 rats
43 creatures vanquished.

Vanquished Creatures (others)
  248 foxfires
248 creatures vanquished.

Grand Total: 291 creatures vanquished

Notes
Turn   | Place    | Note
-------+----------+-------------------------------------------
     0 | D:1      | Lugonue the Demigod Fire Elementalist began the quest for
                  | the Orb.
     0 | D:1      | Reached XP level 1. HP: 14/14 MP: 5/5
   361 | D:1      | Reached skill level 3 in Fire Magic
   691 | D:2      | Reached skill level 1 in Conjurations
   691 | D:2      | Reached XP level 2. HP: 20/20 MP: 4/7
  1274 | D:2      | Found a faded altar of an unknown god.
  1802 | D:2      | Reached XP level 3. HP: 26/26 MP: 5/9
  2350 | D:3      | You fall into a shaft and drop 2 floors!
  2350 | D:5      | Entered Level 5 of the Dungeon
  2468 | D:5      | Noticed a black bear
  2483 | D:5      | Killed a black bear
  2483 | D:5      | Reached XP level 4. HP: 33/33 MP: 1/10
  2569 | D:5      | Reached XP level 5. HP: 38/38 MP: 4/12
  3275 | D:6      | Noticed Duvessa
  3275 | D:6      | Noticed Dowan
  3397 | D:6      | Reached XP level 6. HP: 27/45 MP: 3/14
  3633 | D:6      | Killed Duvessa
  3633 | D:6      | Reached skill level 4 in Fire Magic
  3716 | D:6      | Found a staircase to the Ecumenical Temple.
  3747 | Temple   | Entered the Ecumenical Temple
  3991 | D:6      | Reached skill level 1 in Armour
  4113 | D:6      | Killed Dowan
  4118 | D:6      | Reached XP level 7. HP: 51/51 MP: 4/15
  4235 | D:6      | Learned a level 3 spell: Conjure Flame
  4447 | Temple   | Mangled by an ogre

Illustrated notes

Levels and vault maps discovered:
D:1:      minmay_arrival_arboretum_small, layout_basic, grunt_decor_arrowhead
D:2:      layout_loops_corners, chequers_ecumenical_altar_twisty, first_ration
D:3:      layout_loops_ring, grunt_temple_overflow_growth_and_decay
D:5:      layout_rooms
D:6:      layout_basic, minmay_temple_entry_waves, uniq_duvessa
Temple:   regret_index_temple_mists

Skill      XL: |  1  2  3  4  5  6 |
---------------+-------------------+-----
Spellcasting   | 2 3 |  3.6
Fire Magic     | 3 4 |  4.4
Conjurations   | 1 2 3 |  3.7
Stealth        | 2 |  2.9
Dodging        | 2 |  2.2
Armour         | 1 |  1.1
Fighting       | |  0.7
Short Blades   | |  0.1
Unarmed Combat | |  0.3
Evocations     | |  0.6

Action                   |  1- 3 |  4- 6 |  7- 9 || total
-------------------------+-------+-------+-------++-------
Melee: Unarmed           |    18 |       |       ||    18
       Dagger            |       |    21 |     1 ||    22
 Cast: Foxfire           |    76 |    82 |       ||   158
       Conjure Flame     |       |       |     3 ||     3
Evoke: Wand              |       |    11 |       ||    11
  Use: Scroll            |     4 |     8 |       ||    12
       Potion            |       |     3 |       ||     3
 Stab: Sleeping          |     1 |       |       ||     1
  Eat: Ration            |     2 |     1 |       ||     3
Armor: Robe              |     5 |     4 |       ||     9
       Ring mail         |       |    24 |       ||    24
Dodge: Dodged            |    17 |    40 |     9 ||    66

Table legend:
 A = Non-vault XP
 B = Vault XP
 C = Vault XP percentage of total XP
 D = Non-vault monster count
 E = Vault monster count
 F = Vault count percentage of total count
                 A         B        C        D         E       F
            +---------+---------+-------+---------+---------+-------
      Total |     697 |     223 |  24.2 |      41 |       2 |   4.7
            +---------+---------+-------+---------+---------+-------
        D:1 |      13 |       0 |   0.0 |       8 |       0 |   0.0
        D:2 |      53 |       0 |   0.0 |      17 |       0 |   0.0
        D:3 |      13 |       0 |   0.0 |       1 |       0 |   0.0
        D:5 |     313 |       0 |   0.0 |       6 |       0 |   0.0
        D:6 |     305 |     223 |  42.2 |       9 |       2 |  18.2
            +---------+---------+-------+---------+---------+-------
